 Dungeon Crawl Stone Soup version 0.30.0-15-g856e2d3f33 (webtiles) character file.

Game seed: 1480257127377807721

231778 qw the Tortoise (level 19, -1/128 HPs)
             Began as a Gargoyle Fighter on May 20, 2023.
             Was a High Priest of Okawaru.
             Slain by a vault warden
             ... wielding a +2 halberd of venom
              (36 damage)
             ... on level 2 of the Vaults.
             The game lasted 00:22:31 (34465 turns).

qw the Tortoise (Gargoyle Fighter)                 Turns: 34465, Time: 00:22:31

Health: -1/128     AC: 55    Str: 27    XL:     19   Next: 52%
Magic:  26/26      EV: 14    Int: 10    God:    Okawaru [*****.]
Gold:   1406       SH: 13    Dex:  9    Spells: 18/18 levels left

rFire   . . .        z - +3 broad axe of Corporal Punishment {freeze, Will++}
rCold   . . .        L - +0 kite shield
rNeg    + + +        A - +0 crystal plate armour "Nuelonom" {rN+ SInv Stlth-}
rPois   inf          B - +1 hat {Will+}
rElec   +            p - scarf {repulsion}
rCorr   .            D - +2 pair of gloves
SInv    +            H - +1 pair of boots
Will    ++++.        x - amulet of Compassion {Faith rN+ Regen+ Stlth-} Stlth
                     q - +5 ring of evasion
HPRegen 1.21/turn    t - +4 ring of protection
MPRegen 0.20/turn

%: repel missiles, faith
@: heroic, flying
A: sickness immunity, AC +14, big wings, negative energy resistance 1,
electricity resistance, torment resistance 1, petrification resistance, mutation
resistance 1
}: 1/15 runes: gossamer
a: Renounce Religion, Heroism, Finesse, Duel


You were on level 2 of the Vaults.
You worshipped Okawaru.
Okawaru was extremely pleased with you.
You visited 6 branches of the dungeon, and saw 31 of its levels.
You also visited: Sewer, Ossuary and Gauntlet.

You collected 3579 gold pieces.
You spent 2173 gold pieces at shops.


Innate Abilities, Weirdness & Mutations

You are immune to sickness and miasma.
Your stone body is resilient. (AC +14)
You are immune to poison.
Your large and strong wings let you fly.
You resist negative energy. (rN+)
You are resistant to electric shocks. (rElec)
You are resistant to unholy torment.
You are immune to petrification.
You are somewhat resistant to further mutation.


   Skills:
 - Level 17.0(22.0) Fighting
 - Level 18.0(23.0) Axes
 - Level 9.5(14.5) Throwing
 - Level 19.0(24.0) Armour
 - Level 5.0(10.0) Dodging
 + Level 12.5(17.5) Shields
 - Level 10.0 Invocations


You had 18 spell levels left.
You didn't know any spells.
Your spell library was empty.

Inventory:

Hand Weapons
 l - a +6 spectral war axe
 z - the +3 broad axe of Corporal Punishment (weapon) {freeze, Will++}
   (Okawaru gifted it to you on level 5 of the Lair of Beasts)

   Will:      It greatly increases your willpower.
Missiles
 b - 7 javelins
 r - 2 silver javelins (quivered)
 s - 40 boomerangs
Armour
 m - the +2 pair of boots of Youthful Indiscretion {rPois Will- rCorr Str-2}
   (Okawaru gifted it to you on level 1 of the Vaults)

   Str:       It affects your strength (-2).
   rPois:     It protects you from poison.
   rCorr:     It protects you from acid and corrosion.
   Will:      It decreases your willpower.
 p - a scarf of repulsion (worn)
 u - +0 acid dragon scales
 v - a +2 hat
 y - a +2 cloak of willpower
 A - the +0 crystal plate armour "Nuelonom" (worn) {rN+ SInv Stlth-}
   (You acquired it on level 3 of the Shoals)

   rN:        It protects you from negative energy.
   SInv:      It lets you see invisible.
   Stlth:     It makes you less stealthy.
 B - a +1 hat of willpower (worn)
 D - a +2 pair of gloves (worn)
 H - a +1 pair of boots (worn)
 L - a +0 kite shield (worn)
Jewellery
 c - a ring of protection from fire
 n - a ring of resist corrosion
 q - a +5 ring of evasion (left hand)
 t - a +4 ring of protection (right hand)
 w - an amulet of reflection
 x - the amulet of Compassion (around neck) {Faith rN+ Regen+ Stlth-}
   (You found it on level 4 of the Lair of Beasts)

   [amulet of faith]

   It allows you to gain divine favour quickly.
   rN:        It protects you from negative energy.
   Regen:     It increases your rate of health regeneration.
   Stlth:     It makes you less stealthy.
 I - a ring of resist corrosion
 J - a ring of protection from fire
Wands
 E - a wand of digging (11)
Scrolls
 a - 15 scrolls of identify
 g - 16 scrolls of teleportation
 F - 3 scrolls of enchant weapon
Potions
 d - 3 potions of might
 e - 21 potions of curing
 f - 6 potions of haste
 h - 8 potions of lignification
 i - 6 potions of resistance
 j - 3 potions of mutation
 k - 15 potions of heal wounds
 o - 5 potions of attraction
 C - 2 potions of magic
 G - 4 potions of cancellation

Dungeon Overview and Level Annotations

Branches:
Dungeon (15/15)            Temple (0/1) D:6            Lair (5/5) D:11
 Shoals (3/4) Lair:3       Spider (4/4) Lair:2        Slime (0/5) Lair:4
    Orc (2/2) D:12            Elf (0/3) Orc:2        Vaults (2/5) D:14
  Crypt (0/3) Vaults:2     Depths (0/4) D:15          Sewer (visited)
Ossuary (visited)         Gauntlet (visited)

Altars:
Fedhas
Makhleb
Okawaru
Sif Muna
Xom

Shops:
D:6 !   Orc:2 *===   Shoals:2 (

Portals:
Trove: D:10 (give 10 potions of heal wounds)

Annotations:
D:8 4 transporters
D:10 2 transporters
Spider:1 2 transporters, qw's ghost, adept GrFi
Spider:4 3 runed translucent doors, qw's ghost, adept GrCA


Message History

The storm dragon is heavily wounded.
The vault warden activates a sealing rune.
The ironbound convoker casts a spell at the vault warden.
The vault warden seems to grow stronger.
You block the storm dragon's attack. The storm dragon claws you!
The storm dragon tramples you but does no damage.
You hit the storm dragon but do no damage.
The storm dragon is heavily wounded.
You closely miss the storm dragon.
The storm dragon is heavily wounded.
The storm dragon closely misses you. The storm dragon barely misses you.
You block the storm dragon's attack.
You barely miss the storm dragon.
The storm dragon is heavily wounded.
You block the storm dragon's attack.
The storm dragon claws you but does no damage.
The storm dragon tramples you but does no damage.
The vault warden hits you from afar with a +2 halberd of venom!!
You hit the storm dragon but do no damage.
The storm dragon is heavily wounded.
The storm dragon bites you but does no damage.
The storm dragon completely misses you. You block the storm dragon's attack.
The vault warden hits you from afar with a +2 halberd of venom!!
You hit the storm dragon but do no damage.
The storm dragon is heavily wounded.
The storm dragon bites you but does no damage.
The storm dragon claws you but does no damage.
You block the storm dragon's attack.
You hit the storm dragon.
The storm dragon is heavily wounded.
You block the vault warden's attack. The storm dragon closely misses you.
The storm dragon claws you but does no damage.
The storm dragon tramples you but does no damage.
You hit the storm dragon but do no damage.
The storm dragon is heavily wounded.
The storm dragon bites you but does no damage.
You block the storm dragon's attack.
The storm dragon tramples you but does no damage.
The vault warden hits you from afar with a +2 halberd of venom!!!
You die...

.......'........#
.......#........#
.......#........#
.....^.#........#
####+###........#
#........#
#........#
#######+###
#..@..# ##.D.##
##p## .p. +...+
#...# ##+##


You could see a storm dragon (strong), a vault warden (strong) and an ironbound
convoker.

Vanquished Creatures
  A dread lich (Vaults:1)
  Nikola (Shoals:1)
  Jorgrun (Shoals:3)
  Mlioglotl (Shoals:3)
  A kraken (Shoals:3)
  A sphinx (Vaults:2)
  A shadow dragon (Vaults:1)
  Gastronok (Lair:2)
  Donald (Shoals:1)
  Roxanne (Spider:2)
  4 vault wardens
  7 emperor scorpions
  6 ghost moths
  Aizul (Shoals:3)
  An orc warlord (Vaults:2)
  4 ironbound preservers
  A broodmother (Spider:2)
  5 very ugly things
  A stone giant (D:15)
  3 ironbound thunderhulks (Vaults:1)
  A vampire knight (Vaults:2)
  A minotaur (Gauntlet)
  8 dire elephants (Vaults:1)
  2 spark wasps
  Snorg (Lair:3)
  An ettin (Orc:2)
  5 great orbs of eyes
  2 yaktaur captains
  3 entropy weavers
  A jorogumo (shapeshifter) (D:13)
  5 hydras
  3 jorogumos
  3 vault guards (Vaults:2)
  A radroach (Spider:4)
  4 catoblepae (Lair:5)
  2 ironbound frosthearts (Vaults:2)
  Erica (D:11)
  24 centaur warriors
  3 merfolk avatars
  An alligator snapping turtle (Shoals:3)
  A merfolk aquamancer (Shoals:1)
  8 boulder beetles
  2 two-headed ogres (D:10)
  3 tengu warriors
  11 death yaks
  A satyr (Shoals:3)
  Urug (Lair:1)
  Sonja (Lair:1)
  2 skysharks
  A sixfirhy (Gauntlet)
  A sun moth (Spider:4)
  5 sea snakes
  6 pharaoh ants
  6 orb spiders
  2 glowing orange brains
  16 deep trolls
  A phantasmal warrior (D:14)
  6 ironbound convokers
  3 orc knights
  2 deep elf pyromancers
  4 wizards
  7 steelbarb worms
  10 lindwurms
  9 harpies
  An oklob plant (Orc:2)
  17 ugly things
  8 orc sorcerers (Orc:2)
  7 fauns (Shoals:3)
  21 wolf spiders
  14 manticores
  9 cyclopes
  2 moths of wrath (Spider:4)
  8 vault sentinels
  6 black mambas
  2 water nymphs (Shoals:2)
  4 merfolk sirens
  9 demonic crawlers
  7 cane toads
  25 yaktaurs
  A gargoyle (D:11)
  A torpor snail (Spider:1)
  3 rime drakes
  13 komodo dragons
  A freezing wraith (D:15)
  Psyche (D:11)
  3 efreet (D:15)
  An unseen horror (D:12)
  3 tengu conjurers
  5 trolls
  A guardian mummy (D:10)
  2 wind drakes
  7 polar bears
  10 merfolk
  A hornet (shapeshifter) (D:14)
  A tarantella (shapeshifter) (D:14)
  9 dream sheep
  8 hornets
  12 blink frogs (Lair:5)
  7 snapping turtles
  18 tarantellas
  A jumping spider (shapeshifter) (D:15)
  46 slime creatures
  3 shadows
  14 jumping spiders
  6 water elementals
  3 vampires (Vaults:2)
  17 culicivoras
  3 wraiths
  A yak (shapeshifter) (D:15)
  3 wyverns
  26 yaks
  2 basilisks
  A steam dragon (D:9)
  2 vampire mosquitoes (D:13)
  48 redbacks
  14 wargs
  2 acid dragons
  14 water moccasins
  2 ice beasts
  22 orc warriors
  A sky beast (D:7)
  2 black bears
  10 boggarts
  5 ogres
  An ogre (shapeshifter) (D:15)
  A centaur (shapeshifter) (D:15)
  9 wolves (Lair:1)
  9 centaurs
  3 kobold brigands
  8 bullfrogs
  4 scorpions
  3 elf zombies (Ossuary)
  10 wights
  17 killer bees
  2 electric eels
  15 howler monkeys
  4 hounds
  13 orc priests
  7 jellies
  4 iguanas
  42 orc wizards
  3 mummies (Ossuary)
  Robin (D:4)
  4 gnolls (Orc:1)
  14 adders
  2 river rats (Sewer)
  A white imp (D:6)
  5 ufetubi
  8 adder zombies (Ossuary)
  2 worms
  4 dart slugs
  74 orcs
  5 ball pythons
  8 endoplasms
  3 giant cockroaches
  3 gnoll zombies (Ossuary)
  16 goblins
  10 hobgoblins
  A jackal (Sewer)
  12 kobolds
  7 quokkas
  8 bats (D:2)
  5 frilled lizards
  2 goblin zombies (Ossuary)
  4 hobgoblin zombies (Ossuary)
  3 jackal zombies (Ossuary)
  3 kobold zombies (Ossuary)
  An orc zombie (Ossuary)
  2 quokka zombies (Ossuary)
  7 rats
  4 rat zombies (Ossuary)
  2 starspawn tentacles (Shoals:3)
  4 tentacles (Shoals:3)
1100 creatures vanquished.

Vanquished Creatures (others)
  A fire giant (Vaults:1)
  A warg (Orc:2)
  3 spectral weapons
  A starspawn tentacle (Shoals:3)
  5 tentacles (Shoals:3)
11 creatures vanquished.

Grand Total: 1111 creatures vanquished

Notes
Turn   | Place    | Note
-------+----------+-------------------------------------------
     0 | D:1      | qw the Gargoyle Fighter began the quest for the Orb.
     0 | D:1      | Reached XP level 1. HP: 14/14 MP: 1/1
     0 | D:1      | 0 ||| qw: Version: 0.2-a-97-g6b18286
     0 | D:1      | 0 ||| qw: Game counter: 22
     0 | D:1      | 0 ||| qw: Always use a shield: true
     0 | D:1      | 0 ||| qw: God list: Okawaru
     0 | D:1      | 0 ||| qw: Allow faded altars: false
     0 | D:1      | 0 ||| qw: Do Orc after D:15 true
     0 | D:1      | 0 ||| qw: Do second Lair branch before Depths: true
     0 | D:1      | 0 ||| qw: Lair rune preference: random
     0 | D:1      | 0 ||| qw: Plans: Normal, Zot:1-4, God:TSO, Crypt, Tomb,
                  | Pan, Slime:5, Hells, Abyss, Win
     0 | D:1      | 0 ||| PLANNING D:1-11
    40 | D:1      | 40 ||| Stepping ~*~*~tactically~*~*~ (stealth).
   181 | D:1      | Found a faded altar of an unknown god.
   219 | D:1      | Reached XP level 2. HP: 19/19 MP: 2/2
   390 | D:1      | 390 ||| UPGRADING to +0 chain mail.
   400 | D:1      | 400 ||| DROPPING +0 scale mail.
   401 | D:1      | 401 ||| READING scroll labelled YCAEHU HUGRAKK.
   406 | D:1      | 406 ||| READING scroll labelled VUFIUL QUJAL.
   407 | D:1      | 407 ||| READING scroll labelled JESAYG DYVOSH.
   560 | D:2      | Reached skill level 3 in Axes
   571 | D:2      | 571 ||| READING scroll of enchant weapon.
   571 | D:2      | 571 ||| ENCHANTING +1 war axe.
   618 | D:2      | 618 ||| Stepping ~*~*~tactically~*~*~ (hiding).
   622 | D:2      | Reached XP level 3. HP: 23/23 MP: 3/3
   894 | D:2      | 894 ||| Stepping ~*~*~tactically~*~*~ (hiding).
   930 | D:2      | 930 ||| Stepping ~*~*~tactically~*~*~ (stealth).
   931 | D:2      | 931 ||| Stepping ~*~*~tactically~*~*~ (stealth).
   933 | D:2      | 933 ||| Stepping ~*~*~tactically~*~*~ (stealth).
   934 | D:2      | 934 ||| Stepping ~*~*~tactically~*~*~ (stealth).
   969 | D:2      | Reached XP level 4. HP: 26/28 MP: 4/4
  1180 | D:2      | 1180 ||| UPGRADING to +0 plate armour.
  1190 | D:2      | 1190 ||| DROPPING +0 chain mail.
  1191 | D:2      | 1191 ||| DROPPING amulet of magic regeneration.
  1192 | D:2      | 1192 ||| READING scroll labelled POLION KUOVOMM.
  1193 | D:2      | 1193 ||| READING scroll labelled LENOTE KAEDA.
  1194 | D:2      | 1194 ||| READING 2 scrolls of identify.
  1194 | D:2      | 1194 ||| IDENTIFYING bubbling clear potion
  1223 | D:3      | 1223 ||| Stepping ~*~*~tactically~*~*~ (stealth).
  1225 | D:3      | 1225 ||| Stepping ~*~*~tactically~*~*~ (hiding).
  1226 | D:3      | 1226 ||| Stepping ~*~*~tactically~*~*~ (hiding).
  1235 | D:3      | 1235 ||| Stepping ~*~*~tactically~*~*~ (stealth).
  1295 | D:3      | 1295 ||| Stepping ~*~*~tactically~*~*~ (stealth).
  1678 | D:3      | 1678 ||| READING 4 scrolls of identify.
  1678 | D:3      | 1678 ||| IDENTIFYING sapphire potion
  1679 | D:3      | 1679 ||| READING 3 scrolls of identify.
  1679 | D:3      | 1679 ||| IDENTIFYING white potion
  1680 | D:3      | 1680 ||| READING 2 scrolls of identify.
  1680 | D:3      | 1680 ||| IDENTIFYING lumpy puce potion
  1681 | D:3      | 1681 ||| DROPPING potion of invisibility.
  1688 | D:4      | 1688 ||| PLANNING SEWER
  1695 | D:4      | 1695 ||| DROPPING +0 club.
  1703 | D:4      | 1703 ||| DROPPING +0 whip.
  1726 | D:4      | Reached XP level 5. HP: 32/32 MP: 5/5
  1857 | D:4      | Noticed an ogre
  1858 | D:4      | 1858 ||| Stepping ~*~*~tactically~*~*~ (stealth).
  1865 | D:4      | Killed an ogre
  1893 | D:4      | Identified the +3 quarterstaff of Ladaudgh {flame, rPois
                  | rF- rCorr Dex+3}
  1897 | D:4      | Noticed Robin
  1898 | D:4      | 1898 ||| Stepping ~*~*~tactically~*~*~ (hiding).
  1908 | D:4      | Killed Robin
  1917 | D:4      | Reached XP level 6. HP: 17/37 MP: 6/6
  1958 | D:4      | 1958 ||| Stepping ~*~*~tactically~*~*~ (stealth).
  2160 | D:4      | Found a glowing drain.
  2167 | D:4      | 2167 ||| UPGRADING to +0 helmet.
  2172 | D:4      | 2172 ||| READING scroll labelled YLAHOA ZIDGHU.
  2173 | D:4      | 2173 ||| READING 4 scrolls of identify.
  2173 | D:4      | 2173 ||| IDENTIFYING murky amethyst potion
  2174 | D:4      | 2174 ||| READING 3 scrolls of identify.
  2174 | D:4      | 2174 ||| IDENTIFYING bubbling black potion
  2175 | D:4      | 2175 ||| READING 2 scrolls of identify.
  2175 | D:4      | 2175 ||| IDENTIFYING bubbling orange potion
  2176 | D:4      | 2176 ||| DROPPING potion of brilliance.
  2177 | D:4      | 2177 ||| DROPPING potion of flight.
  2183 | Sewer    | Entered a sewer
  2283 | Sewer    | 2283 ||| Stepping ~*~*~tactically~*~*~ (water).
  2292 | Sewer    | Reached skill level 6 in Axes
  2315 | Sewer    | Reached skill level 4 in Armour
  2315 | Sewer    | Reached XP level 7. HP: 27/43 MP: 7/7
  2394 | Sewer    | Found a white marble altar of Elyvilon.
  2436 | D:4      | 2436 ||| PLANNING D:1-11
  2635 | D:4      | Found an iron altar of Okawaru.
  2636 | D:4      | 2636 ||| PLANNING OKAWARU WORSHIP
  2654 | D:4      | 2654 ||| SWAPPING to +0 spectral war axe.
  2655 | D:4      | 2655 ||| DROPPING +2 war axe.
  2656 | D:4      | Became a worshipper of Warmaster Okawaru
  2656 | D:4      | 2656 ||| PLANNING D:1-11
  2699 | D:5      | Entered Level 5 of the Dungeon
  2700 | D:5      | 2700 ||| PLANNING OSSUARY
  2966 | D:5      | 2966 ||| Stepping ~*~*~tactically~*~*~ (hiding).
  2979 | D:5      | Reached * piety under Okawaru
  3090 | D:5      | Found a sand-covered staircase.
  3091 | D:5      | 3091 ||| UPGRADING to +6 ring of strength.
  3095 | Ossuary  | Entered an ossuary
  3120 | Ossuary  | Reached XP level 8. HP: 49/49 MP: 8/8
  3179 | Ossuary  | Reached skill level 1 in Dodging
  3179 | Ossuary  | Reached skill level 1 in Invocations
  3411 | Ossuary  | 3411 ||| READING scroll labelled ESOSUATTOUG.
  3412 | Ossuary  | 3412 ||| DRINKING 2 bubbling white potions.
  3416 | D:5      | 3416 ||| PLANNING D:1-11
  4056 | D:5      | 4056 ||| READING scroll labelled ZER AVYCHAUWI.
  4087 | D:6      | Reached skill level 3 in Invocations
  4156 | D:6      | Identified the +9 spear of Prescription {drain, Str+6
                  | Dex-5}
  4169 | D:6      | 4169 ||| Stepping ~*~*~tactically~*~*~ (hiding).
  4175 | D:6      | 4175 ||| INVOKING Heroism.
  4249 | D:6      | 4249 ||| INVOKING Heroism.
  4304 | D:6      | Found a staircase to the Ecumenical Temple.
  4377 | D:6      | 4377 ||| INVOKING Heroism.
  4395 | D:6      | 4395 ||| INVOKING Heroism.
  4497 | D:6      | 4497 ||| INVOKING Heroism.
  4524 | D:6      | Noticed a troll
  4525 | D:6      | 4525 ||| INVOKING Heroism.
  4530 | D:6      | Killed a troll
  4531 | D:6      | Reached XP level 9. HP: 57/57 MP: 9/12
  4705 | D:6      | Found Nibbei's Distillery.
  4713 | D:6      | 4713 ||| BUYING 2 potions of curing (84 gold).
  4713 | D:6      | Bought 2 potions of curing for 84 gold pieces
  4713 | D:6      | 4713 ||| BUYING potion of curing (42 gold).
  4713 | D:6      | Bought a potion of curing for 42 gold pieces
  4713 | D:6      | 4713 ||| BUYING potion of curing (42 gold).
  4713 | D:6      | Bought a potion of curing for 42 gold pieces
  4713 | D:6      | 4713 ||| BUYING potion of curing (42 gold).
  4713 | D:6      | Bought a potion of curing for 42 gold pieces
  4713 | D:6      | 4713 ||| BUYING potion of lignification (42 gold).
  4713 | D:6      | Bought a potion of lignification for 42 gold pieces
  4713 | D:6      | 4713 ||| SHOPLISTING potion of mutation (112 gold, have
                  | 39).
  4926 | D:6      | 4926 ||| UPGRADING to +0 pair of gloves.
  4931 | D:6      | 4931 ||| UPGRADING to amulet of regeneration.
  4936 | D:6      | 4936 ||| DROPPING amulet of guardian spirit.
  4937 | D:6      | 4937 ||| READING scroll labelled OGRAPPERIA.
  4938 | D:6      | 4938 ||| READING scroll labelled TOJION FATU.
  4976 | D:7      | 4976 ||| Stepping ~*~*~tactically~*~*~ (stealth).
  4990 | D:7      | Reached skill level 5 in Armour
  5086 | D:7      | 5086 ||| INVOKING Heroism.
  5092 | D:7      | Reached skill level 9 in Axes
  5094 | D:7      | Reached ** piety under Okawaru
  5188 | D:7      | 5188 ||| Stepping ~*~*~tactically~*~*~ (stealth).
  5189 | D:7      | 5189 ||| Stepping ~*~*~tactically~*~*~ (stealth).
  5190 | D:7      | 5190 ||| Stepping ~*~*~tactically~*~*~ (stealth).
  5327 | D:7      | 5327 ||| INVOKING Heroism.
  5436 | D:7      | Reached skill level 6 in Armour
  5538 | D:7      | 5538 ||| Stepping ~*~*~tactically~*~*~ (stealth).
  5539 | D:7      | 5539 ||| Stepping ~*~*~tactically~*~*~ (stealth).
  5546 | D:7      | 5546 ||| INVOKING Heroism.
  5629 | D:7      | Identified the +2 leather armour of the Fife {rF+ rC+
                  | Stlth-}
  5779 | D:7      | 5779 ||| DROPPING ring of flight.
  5805 | D:8      | 5805 ||| INVOKING Heroism.
  5815 | D:8      | Reached skill level 1 in Throwing
  5841 | D:8      | Found a transporter.
  5843 | D:8      | Found a transporter.
  5845 | D:8      | Found a transporter.
  5860 | D:8      | 5860 ||| Stepping ~*~*~tactically~*~*~ (hiding).
  5865 | D:8      | Reached XP level 10. HP: 63/63 MP: 13/13
  5997 | D:8      | Found a transporter.
  6022 | D:8      | 6022 ||| Stepping ~*~*~tactically~*~*~ (stealth).
  6038 | D:8      | 6038 ||| Stepping ~*~*~tactically~*~*~ (stealth).
  6039 | D:8      | 6039 ||| Stepping ~*~*~tactically~*~*~ (stealth).
  6062 | D:8      | 6062 ||| DROPPING +0 flail.
  6071 | D:8      | Found a blossoming altar of Fedhas.
  6072 | D:8      | Found a shimmering altar of Xom.
  6231 | D:8      | You fall into a shaft and drop 2 floors!
  6231 | D:10     | Entered Level 10 of the Dungeon
  6238 | D:10     | 6238 ||| INVOKING Heroism.
  6289 | D:10     | Found a transporter.
  6289 | D:10     | Noticed a glowing orange brain
  6295 | D:10     | Noticed an orange demon
  6384 | D:10     | Found a transporter.
  6406 | D:10     | Noticed a skeletal warrior
  6416 | D:10     | 6416 ||| Stepping ~*~*~tactically~*~*~ (hiding).
  6535 | D:10     | 6535 ||| Stepping ~*~*~tactically~*~*~ (hiding).
  6536 | D:10     | 6536 ||| Stepping ~*~*~tactically~*~*~ (hiding).
  6537 | D:10     | 6537 ||| Stepping ~*~*~tactically~*~*~ (hiding).
  6538 | D:10     | 6538 ||| Stepping ~*~*~tactically~*~*~ (hiding).
  6599 | D:10     | 6599 ||| UPGRADING to +6 ring of dexterity.
  6600 | D:10     | 6600 ||| READING scroll labelled VEABOYCVAU.
  6637 | D:9      | 6637 ||| INVOKING Heroism.
  6639 | D:9      | 6639 ||| Stepping ~*~*~tactically~*~*~ (hiding).
  6640 | D:9      | 6640 ||| Stepping ~*~*~tactically~*~*~ (hiding).
  6800 | D:9      | 6800 ||| DRINKING 14 potions of curing.
  6800 | D:9      | 6800 ||| (to cure confusion)
  6812 | D:9      | Found a shimmering blue altar of Sif Muna.
  7076 | D:8      | 7076 ||| READING scroll of enchant weapon.
  7076 | D:8      | 7076 ||| ENCHANTING +0 spectral war axe.
  7164 | D:9      | 7164 ||| Stepping ~*~*~tactically~*~*~ (hiding).
  7166 | D:9      | 7166 ||| Stepping ~*~*~tactically~*~*~ (hiding).
  7167 | D:9      | 7167 ||| Stepping ~*~*~tactically~*~*~ (hiding).
  7168 | D:9      | 7168 ||| INVOKING Heroism.
  7169 | D:9      | 7169 ||| Stepping ~*~*~tactically~*~*~ (cloud).
  7170 | D:9      | 7170 ||| Stepping ~*~*~tactically~*~*~ (cloud).
  7252 | D:9      | 7252 ||| DROPPING +0 war axe of electrocution.
  7408 | D:9      | Reached *** piety under Okawaru
  7409 | D:9      | Reached skill level 7 in Armour
  7413 | D:9      | Found the +0 toga "Victory" {*Victory Clar}
  7774 | D:9      | 7774 ||| Stepping ~*~*~tactically~*~*~ (hiding).
  7775 | D:9      | 7775 ||| Stepping ~*~*~tactically~*~*~ (hiding).
  7776 | D:9      | 7776 ||| Stepping ~*~*~tactically~*~*~ (hiding).
  7777 | D:9      | 7777 ||| Stepping ~*~*~tactically~*~*~ (hiding).
  7778 | D:9      | 7778 ||| Stepping ~*~*~tactically~*~*~ (hiding).
  7782 | D:9      | 7782 ||| INVOKING Heroism.
  7785 | D:9      | 7785 ||| Stepping ~*~*~tactically~*~*~ (hiding).
  7786 | D:9      | 7786 ||| Stepping ~*~*~tactically~*~*~ (hiding).
  7787 | D:9      | 7787 ||| Stepping ~*~*~tactically~*~*~ (hiding).
  8128 | D:9      | 8128 ||| UPGRADING to amulet of reflection.
  8138 | D:9      | 8138 ||| DROPPING amulet of regeneration.
  8139 | D:9      | 8139 ||| READING scroll labelled CORUIK JUTI.
  8188 | D:10     | 8188 ||| INVOKING Heroism.
  8313 | D:10     | Noticed an orange demon
  8334 | D:10     | 8334 ||| INVOKING Heroism.
  8385 | D:10     | Noticed a two-headed ogre
  8386 | D:10     | 8386 ||| INVOKING Heroism.
  8393 | D:10     | Killed a two-headed ogre
  8582 | D:10     | Found a portal to a secret trove of treasure.
  8583 | D:10     | 8583 ||| INVOKING Heroism.
  8770 | D:10     | Noticed a two-headed ogre
  8771 | D:10     | 8771 ||| INVOKING Heroism.
  8779 | D:10     | Killed a two-headed ogre
  8780 | D:10     | Reached skill level 9 in Fighting
  8780 | D:10     | Reached XP level 11. HP: 71/71 MP: 12/14
  9011 | D:10     | Noticed a wizard
  9025 | D:11     | 9025 ||| PLANNING GAUNTLET
  9090 | D:11     | Found a gate leading to a gauntlet.
  9096 | Gauntlet | Entered a Gauntlet
  9096 | Gauntlet | Found a transporter.
  9096 | Gauntlet | Found a transporter.
  9102 | Gauntlet | Found a transporter.
  9103 | Gauntlet | Found a runed translucent door.
  9104 | Gauntlet | Found a runed translucent door.
  9114 | Gauntlet | Found a transporter.
  9131 | Gauntlet | Found a transporter.
  9132 | Gauntlet | Found a transporter.
  9132 | Gauntlet | Found a transporter.
  9134 | Gauntlet | Found a transporter.
  9134 | Gauntlet | Found a transporter.
  9137 | Gauntlet | Noticed a green ugly thing
  9139 | Gauntlet | Noticed a sixfirhy
  9140 | Gauntlet | Noticed a great orb of eyes
  9144 | Gauntlet | Found a runed translucent gate.
  9144 | Gauntlet | Found a runed translucent gate.
  9144 | Gauntlet | Found a runed translucent gate.
  9146 | Gauntlet | Found a transporter.
  9159 | Gauntlet | Noticed a wizard
  9159 | Gauntlet | Noticed a wizard
  9162 | Gauntlet | Found a transporter.
  9172 | Gauntlet | Found a transporter.
  9187 | Gauntlet | Found a transporter.
  9206 | Gauntlet | Found a transporter.
  9241 | Gauntlet | Reached **** piety under Okawaru
  9242 | Gauntlet | Reached skill level 3 in Dodging
  9308 | Gauntlet | 9308 ||| INVOKING Heroism.
  9309 | Gauntlet | Killed a sixfirhy
  9422 | Gauntlet | 9422 ||| DROPPING +0 pair of gloves of infusion.
  9460 | Gauntlet | 9460 ||| INVOKING Heroism.
  9464 | Gauntlet | 9464 ||| DRINKING 14 potions of curing.
  9464 | Gauntlet | 9464 ||| (to cure confusion)
  9465 | Gauntlet | Killed a great orb of eyes
  9466 | Gauntlet | Reached skill level 8 in Armour
  9473 | Gauntlet | Killed a green ugly thing
  9601 | Gauntlet | 9601 ||| UPGRADING to scarf of repulsion.
  9616 | Gauntlet | Noticed a minotaur
  9617 | Gauntlet | 9617 ||| INVOKING Heroism.
  9632 | Gauntlet | Killed a minotaur
  9755 | Gauntlet | 9755 ||| DROPPING +1 morningstar.
  9756 | Gauntlet | 9756 ||| READING scroll of enchant weapon.
  9756 | Gauntlet | 9756 ||| ENCHANTING +1 spectral war axe.
  9847 | Gauntlet | Identified the +0 helmet of Yroibox {Fly rElec rPois Int+4}
  9849 | Gauntlet | 9849 ||| UPGRADING to +0 helmet of Yroibox {Fly rElec rPois
                  | Int+4}.
  9859 | Gauntlet | 9859 ||| DROPPING +0 helmet.
  9860 | Gauntlet | 9860 ||| DROPPING +2 leather armour of the Fife {rF+ rC+
                  | Stlth-}.
  9861 | Gauntlet | 9861 ||| UPGRADING to +2 shadow dragon scales.
  9871 | Gauntlet | 9871 ||| DROPPING +0 plate armour.
  9874 | D:11     | 9874 ||| PLANNING D:1-11
  9878 | D:11     | 9878 ||| READING scroll of enchant weapon.
  9878 | D:11     | 9878 ||| ENCHANTING +2 spectral war axe.
  9971 | D:11     | Identified the +1 whip of Interdependent Arising {drain,
                  | SInv}
 10028 | D:11     | Noticed Erica
 10029 | D:11     | 10029 ||| Stepping ~*~*~tactically~*~*~ (hiding).
 10034 | D:11     | 10034 ||| INVOKING Heroism.
 10044 | D:11     | Killed Erica
 10060 | D:11     | Noticed Psyche
 10062 | D:11     | Killed Psyche
 10065 | D:11     | Found a staircase to the Lair.
 10132 | D:11     | 10132 ||| INVOKING Heroism.
 10310 | D:11     | 10310 ||| Stepping ~*~*~tactically~*~*~ (stealth).
 10312 | D:11     | 10312 ||| Stepping ~*~*~tactically~*~*~ (hiding).
 10315 | D:11     | 10315 ||| Stepping ~*~*~tactically~*~*~ (hiding).
 10316 | D:11     | 10316 ||| Stepping ~*~*~tactically~*~*~ (hiding).
 10322 | D:11     | Reached skill level 6 in Invocations
 10933 | D:11     | Reached skill level 3 in Throwing
 11047 | D:11     | 11047 ||| PLANNING LAIR
 11047 | D:11     | 11047 ||| READING 7 scrolls of identify.
 11047 | D:11     | 11047 ||| IDENTIFYING black potion
 11048 | D:11     | 11048 ||| DROPPING potion of ambrosia.
 11113 | Lair:1   | Entered Level 1 of the Lair of Beasts
 11114 | Lair:1   | 11114 ||| INVOKING Heroism.
 11216 | Lair:1   | 11216 ||| INVOKING Heroism.
 11281 | Lair:1   | Noticed Sonja
 11291 | Lair:1   | 11291 ||| DRINKING 14 potions of curing.
 11291 | Lair:1   | 11291 ||| (to cure confusion)
 11305 | Lair:1   | Killed Sonja
 11359 | Lair:1   | 11359 ||| Stepping ~*~*~tactically~*~*~ (stealth).
 11361 | Lair:1   | 11361 ||| INVOKING Heroism.
 11366 | Lair:1   | Reached XP level 12. HP: 76/76 MP: 14/17
 11477 | Lair:1   | Noticed Urug
 11478 | Lair:1   | 11478 ||| INVOKING Heroism.
 11490 | Lair:1   | Killed Urug
 11490 | Lair:1   | Received a gift from Okawaru
 11820 | Lair:1   | 11820 ||| INVOKING Heroism.
 11887 | Lair:1   | 11887 ||| READING 3 scrolls of enchant weapon.
 11887 | Lair:1   | 11887 ||| ENCHANTING +3 spectral war axe.
 11888 | Lair:1   | 11888 ||| READING 2 scrolls of enchant weapon.
 11888 | Lair:1   | 11888 ||| ENCHANTING +4 spectral war axe.
 11889 | Lair:1   | 11889 ||| READING scroll of enchant weapon.
 11889 | Lair:1   | 11889 ||| ENCHANTING +5 spectral war axe.
 11928 | Lair:1   | Reached skill level 12 in Axes
 11929 | Lair:1   | 11929 ||| Stepping ~*~*~tactically~*~*~ (stealth).
 11941 | Lair:1   | 11941 ||| Stepping ~*~*~tactically~*~*~ (stealth).
 11961 | Lair:1   | 11961 ||| Stepping ~*~*~tactically~*~*~ (stealth).
 11981 | Lair:1   | 11981 ||| Stepping ~*~*~tactically~*~*~ (stealth).
 12047 | Lair:1   | 12047 ||| Stepping ~*~*~tactically~*~*~ (stealth).
 12116 | Lair:1   | 12116 ||| Stepping ~*~*~tactically~*~*~ (stealth).
 12118 | Lair:1   | 12118 ||| Stepping ~*~*~tactically~*~*~ (stealth).
 12128 | Lair:1   | Reached skill level 6 in Shields
 12136 | Lair:1   | Found the +8 whip "Snakebite" {venom, curare, rPois}
 12364 | Lair:1   | 12364 ||| DRINKING 2 smoky pink potions.
 12364 | Lair:1   | Gained mutation: You are somewhat resistant to further
                  | mutation. [potion of mutation]
 12700 | Lair:2   | 12700 ||| Stepping ~*~*~tactically~*~*~ (hiding).
 12839 | Lair:2   | Found a hole to the Spider Nest.
 12842 | Lair:2   | 12842 ||| INVOKING Heroism.
 12848 | Lair:2   | Reached skill level 9 in Invocations
 12957 | Lair:2   | Noticed Gastronok
 12958 | Lair:2   | 12958 ||| Stepping ~*~*~tactically~*~*~ (stealth).
 12960 | Lair:2   | 12960 ||| INVOKING Heroism.
 12966 | Lair:2   | Killed Gastronok
 12967 | Lair:2   | Reached skill level 9 in Armour
 13098 | Lair:2   | 13098 ||| Stepping ~*~*~tactically~*~*~ (stealth).
 13100 | Lair:2   | 13100 ||| Stepping ~*~*~tactically~*~*~ (stealth).
 13102 | Lair:2   | 13102 ||| Stepping ~*~*~tactically~*~*~ (stealth).
 13104 | Lair:2   | 13104 ||| Stepping ~*~*~tactically~*~*~ (stealth).
 13108 | Lair:2   | Reached ***** piety under Okawaru
 13356 | Lair:2   | 13356 ||| INVOKING Heroism.
 13490 | Lair:2   | 13490 ||| DROPPING ring of magical power.
 13491 | Lair:2   | 13491 ||| READING scroll labelled GAASELOMPA.
 13492 | Lair:2   | 13492 ||| READING 7 scrolls of identify.
 13492 | Lair:2   | 13492 ||| IDENTIFYING fizzy emerald potion
 13493 | Lair:2   | 13493 ||| READING 6 scrolls of identify.
 13493 | Lair:2   | 13493 ||| IDENTIFYING fuming sapphire potion
 13494 | Lair:2   | 13494 ||| DROPPING potion of berserk rage.
 13495 | Lair:2   | 13495 ||| DROPPING potion of degeneration.
 13535 | Lair:3   | Noticed Snorg
 13536 | Lair:3   | 13536 ||| INVOKING Heroism.
 13546 | Lair:3   | Killed Snorg
 13571 | Lair:3   | 13571 ||| Stepping ~*~*~tactically~*~*~ (stealth).
 13650 | Lair:3   | Identified the +0 robe "Tiaj" {Drain rC+ Str+2 Dex+7}
 13819 | Lair:3   | 13819 ||| INVOKING Heroism.
 13824 | Lair:3   | 13824 ||| Stepping ~*~*~tactically~*~*~ (stealth).
 13834 | Lair:3   | Received a gift from Okawaru
 13835 | Lair:3   | Reached XP level 13. HP: 82/82 MP: 20/20
 14250 | Lair:3   | Found a staircase to the Shoals.
 14251 | Lair:3   | 14251 ||| INVOKING Heroism.
 14252 | Lair:3   | 14252 ||| INVOKING Finesse.
 14264 | Lair:3   | 14264 ||| SWAPPING to +2 vampiric morningstar.
 14269 | Lair:3   | 14269 ||| SWAPPING to +6 spectral war axe.
 14279 | Lair:3   | Received a gift from Okawaru
 14391 | Lair:3   | 14391 ||| READING scroll labelled COMEFI GAISI.
 14442 | Lair:3   | 14442 ||| READING 5 scrolls of identify.
 14442 | Lair:3   | 14442 ||| IDENTIFYING grey potion
 14511 | Lair:4   | 14511 ||| Stepping ~*~*~tactically~*~*~ (stealth).
 14512 | Lair:4   | 14512 ||| Stepping ~*~*~tactically~*~*~ (stealth).
 14513 | Lair:4   | 14513 ||| Stepping ~*~*~tactically~*~*~ (stealth).
 14514 | Lair:4   | 14514 ||| Stepping ~*~*~tactically~*~*~ (stealth).
 14523 | Lair:4   | 14523 ||| Stepping ~*~*~tactically~*~*~ (stealth).
 14524 | Lair:4   | 14524 ||| INVOKING Heroism.
 14525 | Lair:4   | 14525 ||| INVOKING Finesse.
 14527 | Lair:4   | 14527 ||| SWAPPING to +2 vampiric morningstar.
 14532 | Lair:4   | 14532 ||| SWAPPING to +6 spectral war axe.
 14542 | Lair:4   | 14542 ||| Stepping ~*~*~tactically~*~*~ (stealth).
 14575 | Lair:4   | 14575 ||| INVOKING Heroism.
 14595 | Lair:4   | 14595 ||| INVOKING Finesse.
 14746 | Lair:4   | 14746 ||| INVOKING Heroism.
 14865 | Lair:4   | 14865 ||| Stepping ~*~*~tactically~*~*~ (stealth).
 14868 | Lair:4   | 14868 ||| Stepping ~*~*~tactically~*~*~ (stealth).
 14870 | Lair:4   | 14870 ||| Stepping ~*~*~tactically~*~*~ (stealth).
 14871 | Lair:4   | 14871 ||| Stepping ~*~*~tactically~*~*~ (stealth).
 14874 | Lair:4   | 14874 ||| INVOKING Heroism.
 14943 | Lair:4   | 14943 ||| Stepping ~*~*~tactically~*~*~ (stealth).
 14945 | Lair:4   | 14945 ||| Stepping ~*~*~tactically~*~*~ (stealth).
 14947 | Lair:4   | 14947 ||| Stepping ~*~*~tactically~*~*~ (stealth).
 14949 | Lair:4   | 14949 ||| Stepping ~*~*~tactically~*~*~ (stealth).
 14951 | Lair:4   | 14951 ||| Stepping ~*~*~tactically~*~*~ (stealth).
 14954 | Lair:4   | 14954 ||| Stepping ~*~*~tactically~*~*~ (stealth).
 14977 | Lair:4   | Found a staircase to the Slime Pits.
 15008 | Lair:4   | 15008 ||| Stepping ~*~*~tactically~*~*~ (stealth).
 15094 | Lair:4   | Identified the amulet of Compassion {Faith rN+ Regen+
                  | Stlth-}
 15095 | Lair:4   | 15095 ||| INVOKING Heroism.
 15523 | Lair:4   | 15523 ||| UPGRADING to amulet of Compassion {Faith rN+
                  | Regen+ Stlth-}.
 15546 | Lair:5   | Entered Level 5 of the Lair of Beasts
 15556 | Lair:5   | 15556 ||| INVOKING Heroism.
 15576 | Lair:5   | 15576 ||| Stepping ~*~*~tactically~*~*~ (stealth).
 15628 | Lair:5   | 15628 ||| Stepping ~*~*~tactically~*~*~ (stealth).
 15636 | Lair:5   | 15636 ||| Stepping ~*~*~tactically~*~*~ (stealth).
 15638 | Lair:5   | 15638 ||| Stepping ~*~*~tactically~*~*~ (stealth).
 15640 | Lair:5   | 15640 ||| Stepping ~*~*~tactically~*~*~ (stealth).
 15642 | Lair:5   | 15642 ||| Stepping ~*~*~tactically~*~*~ (stealth).
 15644 | Lair:5   | 15644 ||| Stepping ~*~*~tactically~*~*~ (stealth).
 15650 | Lair:5   | 15650 ||| INVOKING Heroism.
 15652 | Lair:5   | 15652 ||| Stepping ~*~*~tactically~*~*~ (stealth).
 15663 | Lair:5   | 15663 ||| Stepping ~*~*~tactically~*~*~ (stealth).
 15708 | Lair:5   | 15708 ||| INVOKING Heroism.
 15725 | Lair:5   | 15725 ||| Stepping ~*~*~tactically~*~*~ (stealth).
 15727 | Lair:5   | 15727 ||| Stepping ~*~*~tactically~*~*~ (stealth).
 15729 | Lair:5   | 15729 ||| Stepping ~*~*~tactically~*~*~ (stealth).
 15731 | Lair:5   | 15731 ||| Stepping ~*~*~tactically~*~*~ (stealth).
 15733 | Lair:5   | 15733 ||| Stepping ~*~*~tactically~*~*~ (stealth).
 15735 | Lair:5   | 15735 ||| Stepping ~*~*~tactically~*~*~ (stealth).
 15737 | Lair:5   | 15737 ||| Stepping ~*~*~tactically~*~*~ (stealth).
 15739 | Lair:5   | 15739 ||| Stepping ~*~*~tactically~*~*~ (stealth).
 15741 | Lair:5   | 15741 ||| Stepping ~*~*~tactically~*~*~ (stealth).
 15758 | Lair:5   | 15758 ||| Stepping ~*~*~tactically~*~*~ (stealth).
 15763 | Lair:5   | 15763 ||| Stepping ~*~*~tactically~*~*~ (stealth).
 15765 | Lair:5   | 15765 ||| Stepping ~*~*~tactically~*~*~ (stealth).
 15767 | Lair:5   | 15767 ||| Stepping ~*~*~tactically~*~*~ (hiding).
 15770 | Lair:5   | 15770 ||| INVOKING Heroism.
 15771 | Lair:5   | 15771 ||| INVOKING Finesse.
 15778 | Lair:5   | Reached skill level 10 in Armour
 15943 | Lair:5   | 15943 ||| Stepping ~*~*~tactically~*~*~ (stealth).
 16114 | Lair:5   | 16114 ||| Stepping ~*~*~tactically~*~*~ (stealth).
 16116 | Lair:5   | 16116 ||| Stepping ~*~*~tactically~*~*~ (hiding).
 16117 | Lair:5   | 16117 ||| Stepping ~*~*~tactically~*~*~ (hiding).
 16119 | Lair:5   | 16119 ||| INVOKING Heroism.
 16120 | Lair:5   | 16120 ||| INVOKING Finesse.
 16126 | Lair:5   | Gained mutation: Your large and strong wings let you fly.
                  | [Gargoyle growth]
 16126 | Lair:5   | Reached XP level 14. HP: 90/90 MP: 13/21
 16182 | Lair:5   | 16182 ||| Stepping ~*~*~tactically~*~*~ (stealth).
 16191 | Lair:5   | 16191 ||| Stepping ~*~*~tactically~*~*~ (stealth).
 16193 | Lair:5   | 16193 ||| Stepping ~*~*~tactically~*~*~ (stealth).
 16200 | Lair:5   | 16200 ||| Stepping ~*~*~tactically~*~*~ (stealth).
 16207 | Lair:5   | 16207 ||| INVOKING Heroism.
 16212 | Lair:5   | 16212 ||| Stepping ~*~*~tactically~*~*~ (hiding).
 16219 | Lair:5   | 16219 ||| Stepping ~*~*~tactically~*~*~ (hiding).
 16234 | Lair:5   | Identified the +3 broad axe of Corporal Punishment {freeze,
                  | Will++} (Okawaru gifted it to you on level 5 of the Lair of
                  | Beasts)
 16234 | Lair:5   | Received a gift from Okawaru
 16265 | Lair:5   | 16265 ||| SWAPPING to +3 broad axe of Corporal Punishment
                  | {freeze, Will++}.
 16323 | Lair:5   | 16323 ||| INVOKING Heroism.
 16324 | Lair:5   | 16324 ||| INVOKING Finesse.
 16338 | Lair:5   | Reached skill level 15 in Axes
 16378 | Lair:5   | 16378 ||| INVOKING Heroism.
 16407 | Lair:5   | 16407 ||| INVOKING Heroism.
 16424 | Lair:5   | Identified the +10 shortbow of Dithmenos's Wrath {freeze,
                  | Fly rC+++ Str-4 Int+3}
 16883 | Lair:5   | 16883 ||| PLANNING D
 16883 | Lair:5   | 16883 ||| UPGRADING to +1 hat of willpower.
 17045 | D:12     | 17045 ||| Stepping ~*~*~tactically~*~*~ (stealth).
 17051 | D:12     | Found a staircase to the Orcish Mines.
 17065 | D:12     | 17065 ||| Stepping ~*~*~tactically~*~*~ (hiding).
 17073 | D:12     | 17073 ||| Stepping ~*~*~tactically~*~*~ (stealth).
 17160 | D:12     | 17160 ||| Stepping ~*~*~tactically~*~*~ (stealth).
 17165 | D:12     | 17165 ||| Stepping ~*~*~tactically~*~*~ (hiding).
 17184 | D:12     | 17184 ||| Stepping ~*~*~tactically~*~*~ (stealth).
 17191 | D:12     | 17191 ||| Stepping ~*~*~tactically~*~*~ (stealth).
 17208 | D:12     | 17208 ||| Stepping ~*~*~tactically~*~*~ (hiding).
 17210 | D:12     | 17210 ||| Stepping ~*~*~tactically~*~*~ (hiding).
 17383 | D:12     | 17383 ||| Stepping ~*~*~tactically~*~*~ (stealth).
 17400 | D:12     | 17400 ||| Stepping ~*~*~tactically~*~*~ (hiding).
 17401 | D:12     | 17401 ||| Stepping ~*~*~tactically~*~*~ (hiding).
 17409 | D:12     | 17409 ||| INVOKING Heroism.
 17417 | D:12     | Reached skill level 12 in Fighting
 17417 | D:12     | 17417 ||| Stepping ~*~*~tactically~*~*~ (hiding).
 17419 | D:12     | 17419 ||| Stepping ~*~*~tactically~*~*~ (hiding).
 17420 | D:12     | 17420 ||| Stepping ~*~*~tactically~*~*~ (hiding).
 17554 | D:12     | 17554 ||| Stepping ~*~*~tactically~*~*~ (stealth).
 17556 | D:12     | 17556 ||| Stepping ~*~*~tactically~*~*~ (stealth).
 17558 | D:12     | 17558 ||| INVOKING Heroism.
 17854 | D:12     | 17854 ||| Stepping ~*~*~tactically~*~*~ (stealth).
 17925 | D:12     | 17925 ||| UPGRADING to +1 pair of gloves.
 17935 | D:12     | 17935 ||| DROPPING +0 pair of gloves.
 17969 | D:13     | 17969 ||| INVOKING Heroism.
 18076 | D:13     | 18076 ||| Stepping ~*~*~tactically~*~*~ (stealth).
 18110 | D:13     | 18110 ||| Stepping ~*~*~tactically~*~*~ (stealth).
 18114 | D:13     | 18114 ||| Stepping ~*~*~tactically~*~*~ (stealth).
 18115 | D:13     | 18115 ||| Stepping ~*~*~tactically~*~*~ (stealth).
 18164 | D:13     | 18164 ||| Stepping ~*~*~tactically~*~*~ (stealth).
 18168 | D:13     | 18168 ||| Stepping ~*~*~tactically~*~*~ (stealth).
 18169 | D:13     | 18169 ||| Stepping ~*~*~tactically~*~*~ (stealth).
 18175 | D:13     | Received a gift from Okawaru
 18237 | D:13     | 18237 ||| Stepping ~*~*~tactically~*~*~ (stealth).
 18239 | D:13     | 18239 ||| Stepping ~*~*~tactically~*~*~ (stealth).
 18246 | D:13     | 18246 ||| Stepping ~*~*~tactically~*~*~ (stealth).
 18247 | D:13     | 18247 ||| Stepping ~*~*~tactically~*~*~ (stealth).
 18255 | D:13     | 18255 ||| INVOKING Heroism.
 18392 | D:13     | 18392 ||| READING scroll of enchant armour.
 18392 | D:13     | 18392 ||| ENCHANTING +1 pair of gloves.
 18676 | D:13     | 18676 ||| Stepping ~*~*~tactically~*~*~ (stealth).
 18987 | D:14     | 18987 ||| INVOKING Heroism.
 18988 | D:14     | 18988 ||| INVOKING Finesse.
 19000 | D:14     | Received a gift from Okawaru
 19043 | D:14     | 19043 ||| DROPPING +1 broad axe of freezing.
 19060 | D:14     | 19060 ||| Stepping ~*~*~tactically~*~*~ (hiding).
 19062 | D:14     | 19062 ||| Stepping ~*~*~tactically~*~*~ (hiding).
 19071 | D:14     | 19071 ||| Stepping ~*~*~tactically~*~*~ (stealth).
 19073 | D:14     | 19073 ||| Stepping ~*~*~tactically~*~*~ (stealth).
 19076 | D:14     | 19076 ||| Stepping ~*~*~tactically~*~*~ (hiding).
 19078 | D:14     | 19078 ||| Stepping ~*~*~tactically~*~*~ (hiding).
 19083 | D:14     | 19083 ||| Stepping ~*~*~tactically~*~*~ (hiding).
 19196 | D:14     | 19196 ||| Stepping ~*~*~tactically~*~*~ (stealth).
 19199 | D:14     | 19199 ||| Stepping ~*~*~tactically~*~*~ (stealth).
 19205 | D:14     | 19205 ||| INVOKING Heroism.
 19232 | D:14     | 19232 ||| Stepping ~*~*~tactically~*~*~ (stealth).
 19234 | D:14     | 19234 ||| Stepping ~*~*~tactically~*~*~ (stealth).
 19236 | D:14     | 19236 ||| Stepping ~*~*~tactically~*~*~ (stealth).
 19238 | D:14     | 19238 ||| Stepping ~*~*~tactically~*~*~ (stealth).
 19241 | D:14     | 19241 ||| Stepping ~*~*~tactically~*~*~ (stealth).
 19243 | D:14     | 19243 ||| Stepping ~*~*~tactically~*~*~ (stealth).
 19379 | D:14     | 19379 ||| Stepping ~*~*~tactically~*~*~ (hiding).
 19389 | D:14     | Received a gift from Okawaru
 19390 | D:14     | Reached XP level 15. HP: 93/96 MP: 22/22
 19550 | D:14     | 19550 ||| Stepping ~*~*~tactically~*~*~ (hiding).
 19551 | D:14     | 19551 ||| Stepping ~*~*~tactically~*~*~ (hiding).
 19664 | D:14     | 19664 ||| Stepping ~*~*~tactically~*~*~ (stealth).
 19666 | D:14     | 19666 ||| INVOKING Heroism.
 19667 | D:14     | 19667 ||| INVOKING Finesse.
 19678 | D:14     | 19678 ||| SWAPPING to +2 vampiric morningstar.
 19686 | D:14     | 19686 ||| SWAPPING to +3 broad axe of Corporal Punishment
                  | {freeze, Will++}.
 19727 | D:14     | Found a gate to the Vaults.
 19728 | D:14     | 19728 ||| UPGRADING to ring of protection from fire.
 19765 | D:15     | Entered Level 15 of the Dungeon
 19836 | D:15     | 19836 ||| Stepping ~*~*~tactically~*~*~ (stealth).
 19838 | D:15     | 19838 ||| Stepping ~*~*~tactically~*~*~ (hiding).
 19840 | D:15     | 19840 ||| Stepping ~*~*~tactically~*~*~ (hiding).
 19887 | D:15     | 19887 ||| Stepping ~*~*~tactically~*~*~ (stealth).
 19889 | D:15     | 19889 ||| INVOKING Heroism.
 19890 | D:15     | 19890 ||| INVOKING Finesse.
 19921 | D:15     | 19921 ||| Stepping ~*~*~tactically~*~*~ (stealth).
 19927 | D:15     | 19927 ||| SWAPPING to +2 vampiric morningstar.
 19929 | D:15     | 19929 ||| SWAPPING to +3 broad axe of Corporal Punishment
                  | {freeze, Will++}.
 19958 | D:15     | 19958 ||| Stepping ~*~*~tactically~*~*~ (hiding).
 19979 | D:15     | 19979 ||| INVOKING Heroism.
 20238 | D:15     | Found a staircase to the Depths.
 20239 | D:15     | 20239 ||| Stepping ~*~*~tactically~*~*~ (stealth).
 20241 | D:15     | 20241 ||| INVOKING Heroism.
 20314 | D:15     | 20314 ||| Stepping ~*~*~tactically~*~*~ (hiding).
 20315 | D:15     | 20315 ||| Stepping ~*~*~tactically~*~*~ (hiding).
 20318 | D:15     | 20318 ||| Stepping ~*~*~tactically~*~*~ (hiding).
 20320 | D:15     | 20320 ||| Stepping ~*~*~tactically~*~*~ (hiding).
 20485 | D:15     | 20485 ||| Stepping ~*~*~tactically~*~*~ (hiding).
 20520 | D:15     | Identified the staff of fire "Eneih" {+Blink rF+ rC+ Str+7
                  | Int-4}
 20521 | D:15     | Received a gift from Okawaru
 20525 | D:15     | 20525 ||| Stepping ~*~*~tactically~*~*~ (hiding).
 20560 | D:15     | 20560 ||| INVOKING Heroism.
 20570 | D:15     | 20570 ||| Stepping ~*~*~tactically~*~*~ (hiding).
 20608 | D:15     | 20608 ||| Stepping ~*~*~tactically~*~*~ (stealth).
 20610 | D:15     | 20610 ||| INVOKING Heroism.
 20611 | D:15     | 20611 ||| Stepping ~*~*~tactically~*~*~ (stealth).
 20647 | D:15     | Reached skill level 11 in Armour
 20690 | D:15     | 20690 ||| Stepping ~*~*~tactically~*~*~ (stealth).
 20720 | D:15     | 20720 ||| INVOKING Heroism.
 20729 | D:15     | 20729 ||| Stepping ~*~*~tactically~*~*~ (stealth).
 20732 | D:15     | 20732 ||| INVOKING Finesse.
 20735 | D:15     | 20735 ||| SWAPPING to +2 vampiric morningstar.
 20742 | D:15     | 20742 ||| SWAPPING to +3 broad axe of Corporal Punishment
                  | {freeze, Will++}.
 20836 | D:15     | 20836 ||| PLANNING ORC
 20836 | D:15     | 20836 ||| UPGRADING to +2 buckler of poison resistance.
 20846 | D:15     | 20846 ||| DROPPING +0 buckler.
 20847 | D:15     | 20847 ||| UPGRADING to +1 pair of boots.
 20852 | D:15     | 20852 ||| READING 8 scrolls of identify.
 20852 | D:15     | 20852 ||| IDENTIFYING amethyst potion
 20944 | Orc:1    | Entered Level 1 of the Orcish Mines
 20956 | Orc:1    | 20956 ||| Stepping ~*~*~tactically~*~*~ (hiding).
 21179 | Orc:2    | Entered Level 2 of the Orcish Mines
 21207 | Orc:2    | 21207 ||| INVOKING Heroism.
 21270 | Orc:2    | 21270 ||| Stepping ~*~*~tactically~*~*~ (hiding).
 21271 | Orc:2    | 21271 ||| Stepping ~*~*~tactically~*~*~ (hiding).
 21272 | Orc:2    | 21272 ||| Stepping ~*~*~tactically~*~*~ (hiding).
 21289 | Orc:2    | 21289 ||| Stepping ~*~*~tactically~*~*~ (stealth).
 21290 | Orc:2    | 21290 ||| Stepping ~*~*~tactically~*~*~ (stealth).
 21294 | Orc:2    | 21294 ||| Stepping ~*~*~tactically~*~*~ (hiding).
 21428 | Orc:2    | Found a frozen archway.
 21433 | Orc:2    | 21433 ||| Stepping ~*~*~tactically~*~*~ (hiding).
 21487 | Orc:2    | Found a burning altar of Makhleb.
 21548 | Orc:2    | 21548 ||| Stepping ~*~*~tactically~*~*~ (hiding).
 21554 | Orc:2    | 21554 ||| Stepping ~*~*~tactically~*~*~ (hiding).
 21563 | Orc:2    | 21563 ||| Stepping ~*~*~tactically~*~*~ (stealth).
 21574 | Orc:2    | 21574 ||| Stepping ~*~*~tactically~*~*~ (hiding).
 21575 | Orc:2    | 21575 ||| Stepping ~*~*~tactically~*~*~ (hiding).
 21584 | Orc:2    | 21584 ||| INVOKING Heroism.
 21607 | Orc:2    | 21607 ||| Stepping ~*~*~tactically~*~*~ (hiding).
 21641 | Orc:2    | 21641 ||| Stepping ~*~*~tactically~*~*~ (stealth).
 21647 | Orc:2    | Found Saipnora's Jewellery Emporium.
 21647 | Orc:2    | Found Topugaonosel's Jewellery Boutique.
 21652 | Orc:2    | 21652 ||| BUYING +4 ring of protection (540 gold).
 21652 | Orc:2    | Bought a +4 ring of protection for 540 gold pieces
 21652 | Orc:2    | 21652 ||| BUYING +5 ring of evasion (540 gold).
 21652 | Orc:2    | Bought a +5 ring of evasion for 540 gold pieces
 21661 | Orc:2    | 21661 ||| BUYING ring of resist corrosion (200 gold).
 21661 | Orc:2    | Bought a ring of resist corrosion for 200 gold pieces
 21665 | Orc:2    | 21665 ||| Stepping ~*~*~tactically~*~*~ (stealth).
 21684 | Orc:2    | 21684 ||| Stepping ~*~*~tactically~*~*~ (stealth).
 21689 | Orc:2    | 21689 ||| Stepping ~*~*~tactically~*~*~ (hiding).
 21690 | Orc:2    | 21690 ||| Stepping ~*~*~tactically~*~*~ (hiding).
 21695 | Orc:2    | 21695 ||| INVOKING Heroism.
 21715 | Orc:2    | 21715 ||| Stepping ~*~*~tactically~*~*~ (stealth).
 21716 | Orc:2    | 21716 ||| Stepping ~*~*~tactically~*~*~ (stealth).
 21720 | Orc:2    | 21720 ||| Stepping ~*~*~tactically~*~*~ (hiding).
 21721 | Orc:2    | 21721 ||| Stepping ~*~*~tactically~*~*~ (hiding).
 21723 | Orc:2    | 21723 ||| Stepping ~*~*~tactically~*~*~ (hiding).
 21728 | Orc:2    | 21728 ||| INVOKING Heroism.
 21748 | Orc:2    | 21748 ||| Stepping ~*~*~tactically~*~*~ (stealth).
 21754 | Orc:2    | 21754 ||| Stepping ~*~*~tactically~*~*~ (stealth).
 21755 | Orc:2    | Found Feram's Jewellery Emporium.
 21755 | Orc:2    | Found Lomn's General Store.
 21763 | Orc:2    | 21763 ||| BUYING ring of protection from fire (275 gold).
 21763 | Orc:2    | Bought a ring of protection from fire for 275 gold pieces
 21772 | Orc:2    | 21772 ||| BUYING potion of curing (36 gold).
 21772 | Orc:2    | Bought a potion of curing for 36 gold pieces
 21772 | Orc:2    | 21772 ||| BUYING potion of haste (120 gold).
 21772 | Orc:2    | Bought a potion of haste for 120 gold pieces
 21772 | Orc:2    | 21772 ||| BUYING potion of heal wounds (60 gold).
 21772 | Orc:2    | Bought a potion of heal wounds for 60 gold pieces
 21772 | Orc:2    | 21772 ||| BUYING scroll of enchant weapon (90 gold).
 21772 | Orc:2    | Bought a scroll of enchant weapon for 90 gold pieces
 21772 | Orc:2    | 21772 ||| BUYING scroll of identify (24 gold).
 21772 | Orc:2    | Bought a scroll of identify for 24 gold pieces
 21772 | Orc:2    | 21772 ||| BUYING scroll of teleportation (36 gold).
 21772 | Orc:2    | Bought a scroll of teleportation for 36 gold pieces
 21780 | Orc:2    | 21780 ||| UPGRADING to +4 ring of protection.
 21782 | Orc:2    | 21782 ||| DROPPING +6 ring of dexterity.
 21783 | Orc:2    | 21783 ||| Stepping ~*~*~tactically~*~*~ (stealth).
 21784 | Orc:2    | 21784 ||| UPGRADING to +5 ring of evasion.
 21786 | Orc:2    | 21786 ||| UPGRADING to +6 ring of strength.
 21788 | Orc:2    | 21788 ||| UPGRADING to +4 ring of protection.
 21790 | Orc:2    | 21790 ||| DROPPING +6 ring of strength.
 21795 | Orc:2    | 21795 ||| INVOKING Heroism.
 21796 | Orc:2    | 21796 ||| INVOKING Finesse.
 21802 | Orc:2    | 21802 ||| Stepping ~*~*~tactically~*~*~ (stealth).
 21806 | Orc:2    | Received a gift from Okawaru
 21809 | Orc:2    | 21809 ||| Stepping ~*~*~tactically~*~*~ (stealth).
 21888 | Orc:2    | Found a staircase to the Elven Halls.
 21905 | Orc:1    | 21905 ||| INVOKING Heroism.
 22025 | Orc:1    | 22025 ||| Stepping ~*~*~tactically~*~*~ (stealth).
 22030 | Orc:1    | 22030 ||| Stepping ~*~*~tactically~*~*~ (stealth).
 22031 | Orc:1    | 22031 ||| Stepping ~*~*~tactically~*~*~ (stealth).
 22032 | Orc:1    | 22032 ||| Stepping ~*~*~tactically~*~*~ (stealth).
 22033 | Orc:1    | 22033 ||| Stepping ~*~*~tactically~*~*~ (stealth).
 22034 | Orc:1    | 22034 ||| Stepping ~*~*~tactically~*~*~ (stealth).
 22256 | Orc:1    | 22256 ||| ZAPPING wand of digging (12).
 22262 | Orc:1    | Reached skill level 12 in Armour
 22683 | Orc:2    | 22683 ||| INVOKING Heroism.
 22770 | Orc:2    | 22770 ||| PLANNING SPIDER:1-3
 22891 | Spider:1 | Entered Level 1 of the Spider Nest
 23213 | Spider:1 | Found a transporter.
 23276 | Spider:1 | Noticed qw's ghost (adept GrFi)
 23282 | Spider:1 | Noticed an emperor scorpion
 23510 | Spider:1 | Found a transporter.
 23562 | Spider:1 | 23562 ||| Stepping ~*~*~tactically~*~*~ (stealth).
 23971 | Spider:2 | 23971 ||| STAIRDANCE
 24002 | Spider:2 | 24002 ||| STAIRDANCE
 24011 | Spider:2 | 24011 ||| STAIRDANCE
 24016 | Spider:2 | 24016 ||| STAIRDANCE
 24025 | Spider:2 | 24025 ||| STAIRDANCE
 24033 | Spider:2 | Received a gift from Okawaru
 24086 | Spider:2 | 24086 ||| INVOKING Heroism.
 24108 | Spider:2 | 24108 ||| Stepping ~*~*~tactically~*~*~ (stealth).
 24109 | Spider:2 | 24109 ||| Stepping ~*~*~tactically~*~*~ (stealth).
 24121 | Spider:2 | Received a gift from Okawaru
 24122 | Spider:2 | Reached XP level 16. HP: 104/104 MP: 23/23
 24349 | Spider:2 | 24349 ||| Stepping ~*~*~tactically~*~*~ (stealth).
 24382 | Spider:2 | 24382 ||| Stepping ~*~*~tactically~*~*~ (stealth).
 24555 | Spider:2 | Identified the +8 chain mail of Irhosal {Int+3 Dex+2
                  | Stlth-} (Okawaru gifted it to you on level 2 of the Spider
                  | Nest)
 24555 | Spider:2 | Received a gift from Okawaru
 24588 | Spider:2 | Reached skill level 6 in Throwing
 24803 | Spider:2 | Identified Roxanne's Precepts of Tephra
 24803 | Spider:2 | Noticed Roxanne
 24804 | Spider:2 | 24804 ||| INVOKING Heroism.
 24805 | Spider:2 | 24805 ||| INVOKING Finesse.
 24834 | Spider:2 | Killed Roxanne
 24897 | Spider:2 | 24897 ||| INVOKING Heroism.
 24916 | Spider:2 | 24916 ||| Stepping ~*~*~tactically~*~*~ (stealth).
 24918 | Spider:2 | 24918 ||| Stepping ~*~*~tactically~*~*~ (stealth).
 24920 | Spider:2 | 24920 ||| Stepping ~*~*~tactically~*~*~ (stealth).
 24922 | Spider:2 | 24922 ||| Stepping ~*~*~tactically~*~*~ (stealth).
 25050 | Spider:2 | 25050 ||| UPGRADING to +8 chain mail of Irhosal {Int+3
                  | Dex+2 Stlth-}.
 25060 | Spider:2 | 25060 ||| DROPPING +2 shadow dragon scales.
 25073 | Spider:3 | 25073 ||| INVOKING Heroism.
 25085 | Spider:3 | Reached skill level 18 in Axes
 25155 | Spider:3 | 25155 ||| Stepping ~*~*~tactically~*~*~ (stealth).
 25175 | Spider:3 | 25175 ||| Stepping ~*~*~tactically~*~*~ (hiding).
 25193 | Spider:3 | 25193 ||| INVOKING Heroism.
 25196 | Spider:3 | Reached skill level 9 in Shields
 25231 | Spider:3 | 25231 ||| Stepping ~*~*~tactically~*~*~ (stealth).
 25238 | Spider:3 | 25238 ||| Stepping ~*~*~tactically~*~*~ (stealth).
 25239 | Spider:3 | 25239 ||| Stepping ~*~*~tactically~*~*~ (stealth).
 25264 | Spider:3 | 25264 ||| Stepping ~*~*~tactically~*~*~ (stealth).
 25265 | Spider:3 | 25265 ||| Stepping ~*~*~tactically~*~*~ (stealth).
 25266 | Spider:3 | 25266 ||| Stepping ~*~*~tactically~*~*~ (stealth).
 25267 | Spider:3 | 25267 ||| Stepping ~*~*~tactically~*~*~ (stealth).
 25268 | Spider:3 | 25268 ||| Stepping ~*~*~tactically~*~*~ (stealth).
 25269 | Spider:3 | 25269 ||| Stepping ~*~*~tactically~*~*~ (stealth).
 25297 | Spider:3 | 25297 ||| Stepping ~*~*~tactically~*~*~ (stealth).
 25332 | Spider:3 | 25332 ||| Stepping ~*~*~tactically~*~*~ (stealth).
 25333 | Spider:3 | 25333 ||| Stepping ~*~*~tactically~*~*~ (stealth).
 25334 | Spider:3 | 25334 ||| Stepping ~*~*~tactically~*~*~ (stealth).
 25336 | Spider:3 | 25336 ||| Stepping ~*~*~tactically~*~*~ (stealth).
 25337 | Spider:3 | 25337 ||| Stepping ~*~*~tactically~*~*~ (stealth).
 25340 | Spider:3 | 25340 ||| DRINKING 21 potions of curing.
 25340 | Spider:3 | 25340 ||| (to cure confusion)
 25411 | Spider:3 | 25411 ||| Stepping ~*~*~tactically~*~*~ (stealth).
 25415 | Spider:3 | 25415 ||| Stepping ~*~*~tactically~*~*~ (hiding).
 25440 | Spider:3 | 25440 ||| INVOKING Heroism.
 25813 | Spider:3 | 25813 ||| Stepping ~*~*~tactically~*~*~ (stealth).
 25879 | Spider:3 | 25879 ||| PLANNING SHOALS:1-3
 26063 | Shoals:1 | Entered Level 1 of the Shoals
 26079 | Shoals:1 | Received a gift from Okawaru
 26083 | Shoals:1 | 26083 ||| INVOKING Heroism.
 26267 | Shoals:1 | Reached skill level 15 in Fighting
 26270 | Shoals:1 | 26270 ||| Stepping ~*~*~tactically~*~*~ (stealth).
 26438 | Shoals:1 | Noticed Donald
 26439 | Shoals:1 | 26439 ||| INVOKING Heroism.
 26440 | Shoals:1 | 26440 ||| INVOKING Finesse.
 26455 | Shoals:1 | Killed Donald
 26719 | Shoals:1 | Noticed Nikola
 26720 | Shoals:1 | 26720 ||| INVOKING Heroism.
 26735 | Shoals:1 | Killed Nikola
 26735 | Shoals:1 | Received a gift from Okawaru
 26956 | Shoals:1 | 26956 ||| DROPPING +0 cloak.
 26984 | Shoals:2 | 26984 ||| Stepping ~*~*~tactically~*~*~ (stealth).
 26985 | Shoals:2 | 26985 ||| Stepping ~*~*~tactically~*~*~ (stealth).
 26986 | Shoals:2 | 26986 ||| Stepping ~*~*~tactically~*~*~ (stealth).
 26987 | Shoals:2 | 26987 ||| Stepping ~*~*~tactically~*~*~ (stealth).
 27019 | Shoals:2 | 27019 ||| Stepping ~*~*~tactically~*~*~ (hiding).
 27087 | Shoals:2 | Received a gift from Okawaru
 27155 | Shoals:2 | 27155 ||| INVOKING Heroism.
 27249 | Shoals:2 | Received a gift from Okawaru
 27264 | Shoals:2 | Identified the +1 leather armour "Jats" {rCorr Int+3}
 27418 | Shoals:2 | 27418 ||| INVOKING Heroism.
 27438 | Shoals:2 | 27438 ||| INVOKING Heroism.
 27685 | Shoals:2 | Reached XP level 17. HP: 113/113 MP: 24/24
 27689 | Shoals:2 | Found Aschepn's Weapon Emporium.
 27839 | Shoals:2 | 27839 ||| READING scroll labelled COJ XEL HOVA.
 27968 | Shoals:3 | Noticed Jorgrun
 27969 | Shoals:3 | 27969 ||| Stepping ~*~*~tactically~*~*~ (hiding).
 27974 | Shoals:3 | Noticed Aizul
 27975 | Shoals:3 | 27975 ||| Stepping ~*~*~tactically~*~*~ (hiding).
 27978 | Shoals:3 | 27978 ||| INVOKING Heroism.
 27988 | Shoals:3 | Killed Jorgrun
 27994 | Shoals:3 | Killed Aizul
 28213 | Shoals:3 | 28213 ||| INVOKING Heroism.
 28244 | Shoals:3 | Noticed Mlioglotl
 28248 | Shoals:3 | Noticed a tentacled starspawn
 28259 | Shoals:3 | Killed Mlioglotl
 28364 | Shoals:3 | 28364 ||| INVOKING Heroism.
 28634 | Shoals:3 | 28634 ||| INVOKING Heroism.
 28748 | Shoals:3 | Noticed a kraken
 28749 | Shoals:3 | 28749 ||| READING scroll labelled VAIROO CAAB XUN.
 28749 | Shoals:3 | Identified a scroll of acquirement
 28761 | Shoals:3 | Killed a kraken
 28834 | Shoals:3 | 28834 ||| PLANNING SPIDER:4
 28834 | Shoals:3 | 28834 ||| READING scroll of acquirement.
 28834 | Shoals:3 | 28834 ||| ACQUIRING +0 crystal plate armour "Nuelonom" {rN+
                  | SInv Stlth-}
 28834 | Shoals:3 | Acquired the +0 crystal plate armour "Nuelonom" {rN+ SInv
                  | Stlth-}
 28836 | Shoals:3 | 28836 ||| UPGRADING to +0 crystal plate armour "Nuelonom"
                  | {rN+ SInv Stlth-}.
 28846 | Shoals:3 | 28846 ||| DROPPING +8 chain mail of Irhosal {Int+3 Dex+2
                  | Stlth-}.
 29047 | Spider:4 | Entered Level 4 of the Spider Nest
 29049 | Spider:4 | 29049 ||| INVOKING Finesse.
 29057 | Spider:4 | 29057 ||| INVOKING Heroism.
 29063 | Spider:4 | 29063 ||| DRINKING 22 potions of curing.
 29063 | Spider:4 | 29063 ||| (to cure confusion)
 29111 | Spider:4 | Found a runed translucent gate.
 29111 | Spider:4 | Found a runed translucent gate.
 29111 | Spider:4 | Found a runed translucent gate.
 29112 | Spider:4 | Noticed qw's ghost (adept GrCA)
 29114 | Spider:4 | 29114 ||| Stepping ~*~*~tactically~*~*~ (stealth).
 29129 | Spider:4 | 29129 ||| Stepping ~*~*~tactically~*~*~ (stealth).
 29130 | Spider:4 | 29130 ||| Stepping ~*~*~tactically~*~*~ (stealth).
 29132 | Spider:4 | 29132 ||| INVOKING Finesse.
 29157 | Spider:4 | Reached skill level 13 in Armour
 29161 | Spider:4 | 29161 ||| INVOKING Heroism.
 29230 | Spider:4 | Identified the +10 great mace of Responsibility {venom,
                  | rCorr} (Okawaru gifted it to you on level 4 of the Spider
                  | Nest)
 29230 | Spider:4 | Received a gift from Okawaru
 29468 | Spider:4 | 29468 ||| INVOKING Heroism.
 29511 | Spider:4 | 29511 ||| INVOKING Finesse.
 29544 | Spider:4 | 29544 ||| Stepping ~*~*~tactically~*~*~ (hiding).
 29560 | Spider:4 | Reached skill level 14 in Armour
 29665 | Spider:4 | 29665 ||| Stepping ~*~*~tactically~*~*~ (stealth).
 29805 | Spider:4 | 29805 ||| Stepping ~*~*~tactically~*~*~ (hiding).
 29806 | Spider:4 | 29806 ||| Stepping ~*~*~tactically~*~*~ (hiding).
 29843 | Spider:4 | 29843 ||| Stepping ~*~*~tactically~*~*~ (stealth).
 29890 | Spider:4 | Received a gift from Okawaru
 30092 | Spider:4 | 30092 ||| INVOKING Heroism.
 30103 | Spider:4 | Reached skill level 15 in Armour
 30104 | Spider:4 | HP: 21/117 [emperor scorpion (9)]
 30105 | Spider:4 | 30105 ||| READING 15 scrolls of teleportation.
 30106 | Spider:4 | 30106 ||| DRINKING 16 potions of heal wounds.
 30108 | Spider:4 | 30108 ||| DRINKING 15 potions of heal wounds.
 30325 | Spider:4 | 30325 ||| INVOKING Heroism.
 30456 | Spider:4 | Received a gift from Okawaru
 30614 | Spider:4 | 30614 ||| INVOKING Heroism.
 30626 | Spider:4 | Reached XP level 18. HP: 121/123 MP: 23/25
 30628 | Spider:4 | 30628 ||| DROPPING +2 vampiric morningstar.
 30675 | Spider:4 | 30675 ||| Stepping ~*~*~tactically~*~*~ (stealth).
 30677 | Spider:4 | 30677 ||| INVOKING Heroism.
 30705 | Spider:4 | Received a gift from Okawaru
 30736 | Spider:4 | Got a gossamer rune of Zot
 30815 | Spider:4 | 30815 ||| PLANNING VAULTS:1-4
 30815 | Spider:4 | 30815 ||| DROPPING +0 helmet of Yroibox {Fly rElec rPois
                  | Int+4}.
 31040 | Vaults:1 | Entered Level 1 of the Vaults
 31101 | Vaults:1 | 31101 ||| Stepping ~*~*~tactically~*~*~ (hiding).
 31103 | Vaults:1 | 31103 ||| Stepping ~*~*~tactically~*~*~ (hiding).
 31110 | Vaults:1 | Received a gift from Okawaru
 31171 | Vaults:1 | Reached skill level 16 in Armour
 31191 | Vaults:1 | 31191 ||| INVOKING Finesse.
 31204 | Vaults:1 | 31204 ||| INVOKING Heroism.
 31227 | Vaults:1 | Noticed a dread lich
 31240 | Vaults:1 | Noticed a Brimstone Fiend
 31252 | Vaults:1 | Killed a dread lich
 31252 | Vaults:1 | Identified the +2 pair of boots of Youthful Indiscretion
                  | {rPois Will- rCorr Str-2} (Okawaru gifted it to you on
                  | level 1 of the Vaults)
 31252 | Vaults:1 | Received a gift from Okawaru
 31253 | Vaults:1 | Reached skill level 17 in Armour
 31433 | Vaults:1 | 31433 ||| Stepping ~*~*~tactically~*~*~ (hiding).
 31435 | Vaults:1 | 31435 ||| Stepping ~*~*~tactically~*~*~ (hiding).
 31544 | Vaults:1 | 31544 ||| Stepping ~*~*~tactically~*~*~ (hiding).
 31549 | Vaults:1 | 31549 ||| Stepping ~*~*~tactically~*~*~ (hiding).
 31716 | Vaults:1 | 31716 ||| INVOKING Heroism.
 31811 | Vaults:1 | 31811 ||| INVOKING Heroism.
 31922 | Vaults:1 | 31922 ||| Stepping ~*~*~tactically~*~*~ (stealth).
 31930 | Vaults:1 | 31930 ||| Stepping ~*~*~tactically~*~*~ (hiding).
 31944 | Vaults:1 | 31944 ||| INVOKING Heroism.
 31945 | Vaults:1 | 31945 ||| INVOKING Finesse.
 32168 | Vaults:1 | 32168 ||| INVOKING Heroism.
 32340 | Vaults:1 | 32340 ||| Stepping ~*~*~tactically~*~*~ (hiding).
 32349 | Vaults:1 | Reached skill level 18 in Armour
 32586 | Vaults:1 | 32586 ||| Stepping ~*~*~tactically~*~*~ (hiding).
 32587 | Vaults:1 | 32587 ||| Stepping ~*~*~tactically~*~*~ (hiding).
 32591 | Vaults:1 | 32591 ||| Stepping ~*~*~tactically~*~*~ (hiding).
 32598 | Vaults:1 | 32598 ||| Stepping ~*~*~tactically~*~*~ (hiding).
 32601 | Vaults:1 | 32601 ||| Stepping ~*~*~tactically~*~*~ (hiding).
 33052 | Vaults:2 | Received a gift from Okawaru
 33086 | Vaults:2 | 33086 ||| INVOKING Heroism.
 33087 | Vaults:2 | 33087 ||| INVOKING Finesse.
 33088 | Vaults:2 | 33088 ||| Stepping ~*~*~tactically~*~*~ (hiding).
 33167 | Vaults:2 | 33167 ||| Stepping ~*~*~tactically~*~*~ (hiding).
 33227 | Vaults:2 | 33227 ||| Stepping ~*~*~tactically~*~*~ (hiding).
 33238 | Vaults:2 | Reached skill level 9 in Throwing
 33248 | Vaults:2 | Reached XP level 19. HP: 112/128 MP: 26/26
 33264 | Vaults:2 | Received a gift from Okawaru
 33315 | Vaults:2 | 33315 ||| Stepping ~*~*~tactically~*~*~ (stealth).
 33346 | Vaults:2 | Reached skill level 19 in Armour
 33376 | Vaults:2 | 33376 ||| Stepping ~*~*~tactically~*~*~ (hiding).
 33431 | Vaults:2 | 33431 ||| INVOKING Heroism.
 33432 | Vaults:2 | 33432 ||| INVOKING Finesse.
 33592 | Vaults:2 | 33592 ||| INVOKING Heroism.
 33623 | Vaults:2 | Found a staircase to the Crypt.
 33658 | Vaults:2 | 33658 ||| INVOKING Heroism.
 33683 | Vaults:2 | 33683 ||| Stepping ~*~*~tactically~*~*~ (stealth).
 33722 | Vaults:2 | Identified the +11 short sword "Xoep" {antimagic, Stlth+}
 33778 | Vaults:2 | 33778 ||| UPGRADING to +0 kite shield.
 33783 | Vaults:2 | 33783 ||| Stepping ~*~*~tactically~*~*~ (stealth).
 33790 | Vaults:2 | 33790 ||| UPGRADING to +2 buckler of poison resistance.
 33819 | Vaults:2 | 33819 ||| UPGRADING to +0 kite shield.
 33848 | Vaults:2 | 33848 ||| DROPPING +2 buckler of poison resistance.
 33858 | Vaults:2 | 33858 ||| Stepping ~*~*~tactically~*~*~ (hiding).
 33859 | Vaults:2 | 33859 ||| Stepping ~*~*~tactically~*~*~ (hiding).
 33865 | Vaults:2 | 33865 ||| INVOKING Heroism.
 33866 | Vaults:2 | 33866 ||| INVOKING Finesse.
 33913 | Vaults:2 | Found Raffify's Distillery.
 33924 | Vaults:2 | 33924 ||| Stepping ~*~*~tactically~*~*~ (hiding).
 33925 | Vaults:2 | 33925 ||| Stepping ~*~*~tactically~*~*~ (hiding).
 33958 | Vaults:2 | 33958 ||| Stepping ~*~*~tactically~*~*~ (hiding).
 33961 | Vaults:2 | 33961 ||| Stepping ~*~*~tactically~*~*~ (hiding).
 34091 | Vaults:2 | 34091 ||| Stepping ~*~*~tactically~*~*~ (hiding).
 34097 | Vaults:2 | Received a gift from Okawaru
 34214 | Vaults:2 | 34214 ||| Stepping ~*~*~tactically~*~*~ (stealth).
 34243 | Vaults:2 | 34243 ||| INVOKING Heroism.
 34244 | Vaults:2 | 34244 ||| INVOKING Finesse.
 34263 | Vaults:2 | Received a gift from Okawaru
 34266 | Vaults:2 | Reached skill level 12 in Shields
 34276 | Vaults:2 | Received a gift from Okawaru
 34450 | Vaults:2 | 34450 ||| INVOKING Heroism.
 34465 | Vaults:2 | Slain by a vault warden

Levels and vault maps discovered:
D:1:      pf_arrival_petrified_forest, layout_rooms,
          hellmonk_ecumenical_altar_blasted
D:2:      layout_rooms, minmay_increasing_density
D:3:      layout_rooms
D:4:      layout_rooms, hellmonk_okawaru_the_only_friend_you_need,
          gup_sewer_entry_pipe, minmay_checkerbox, uniq_robin
D:5:      layout_layer_cave, enter_ossuary_5, serial_rivers,
          chequers_serial_rivers_small_b, chequers_serial_rivers_room_a,
          chequers_serial_rivers_room_b, chequers_serial_rivers_small_3,
          chequers_serial_rivers_room_b, chequers_serial_rivers_micro_c
D:6:      layout_loops_ring, minmay_temple_entry_junction, serial_shops, shop,
          minmay_microvault
D:7:      layout_cave_pods
D:8:      layout_rooms, gammafunk_temple_overflow_pools, serial_bayou_pond_c,
          nicolae_diode_quadrants
D:9:      layout_layer_cave, tgw_sif
D:10:     layout_stronghold, gammafunk_ghost_abyssal_escape,
          nicolae_trove_entry_path_of_doom
D:11:     hellmonk_crumbling_castle, layout_grid_maze, lair_entry_dummy,
          gauntlet_entry_generic, nicolae_figureground_pulse, uniq_erica,
          uniq_psyche
D:12:     layout_basic, minmay_orc_entry_guard_dogs, serial_bayou_crossing
D:13:     layout_layer_cave
D:14:     layout_roguey, david_vaults_4, minivault_26
D:15:     grunt_enter_depths_giant_problem, layout_loops_cross,
          amethyst_killhole, minmay_pinched_square
Lair:1:   minmay_guarded_unrand_snakebite, layout_cave_shapes,
          nicolae_lair_run_with_the_wolves, lemuel_fruit_tree, uniq_sonja,
          uniq_urug
Lair:2:   layout_cave_pods, spider_nest_entry_funnel_web,
          infiniplex_staircase_pool_2, grunt_megastairs_3, uniq_gastronok
Lair:3:   layout_roguey, elwin_shoals_entry_stream,
          chequers_serial_rivers_large_a, cheibrodos_lair_lostbears,
          infiniplex_staircase_pool, serial_bayou_shore_b, uniq_snorg
Lair:4:   layout_regular_city, nicolae_slime_entry_field_trip
Lair:5:   evilmike_catoblepas_cave, layout_cave_pods, grunt_megastairs_4
Shoals:1: layout_shoals, uniq_nikola, uniq_donald
Shoals:2: layout_shoals, serial_shops, nicolae_shop_back_alley_shop
Shoals:3: layout_shoals, uniq_mlioglotl, uniq_jorgrun, uniq_aizul
Spider:1: layout_chambers, gammafunk_ghost_berserking_beasts,
          nicolae_spider_webs_and_nodes
Spider:2: nicolae_spider_hilbert_zone_4 [nicolae_spider_hilbert_4_sides_2_open,
          nicolae_spider_hilbert_4_sides_1_open,
          nicolae_spider_hilbert_4_sides_1_open,
          nicolae_spider_hilbert_4_sides_1_open,
          nicolae_spider_hilbert_4_sides_1_open,
          nicolae_spider_hilbert_2_sides_1_open,
          nicolae_spider_hilbert_2_sides_1_open,
          nicolae_spider_hilbert_2_sides_1_open,
          nicolae_spider_hilbert_2_sides_1_open,
          nicolae_spider_hilbert_6_sides_1_open,
          nicolae_spider_hilbert_6_sides_1_open,
          nicolae_spider_hilbert_3_sides_1_open,
          nicolae_spider_hilbert_3_sides_1_open], uniq_roxanne
Spider:3: layout_spider_delve, spiders_nest_spider_trap
Spider:4: spider_rune_water, gammafunk_ghost_necromancy
Orc:1:    nicolae_orc_accident_3, layout_diamond_mine
Orc:2:    st_orc_town, layout_caves, basic_altar,
          portal_ice_cave_entry_pillars_2, mines3_lemuel
Vaults:1: hangedman_vaults_slice, v_pattern_4, ontoclasm_vaults_shout,
          nicolae_vaults_shrinking_rooms_1, nicolae_vaults_trapezoid_lopsided_1,
          nicolae_vaults_two_Ls, nicolae_vaults_two_Ls, v_misc_28,
          nicolae_vaults_trapezoid_lopsided_4, hangedman_vaults_cutoff,
          ontoclasm_vaults_loading_screen, nicolae_vaults_variable_pillar_hall,
          layout_vaults_omnigrid
Vaults:2: nicolae_vaults_diagonal_hallway_9, nicolae_vaults_more_shelving_2,
          nicolae_vaults_murderbox, nicolae_vaults_big_angled_halls,
          hangedman_vaults_pinch, nicolae_vaults_big_ls, serial_ice_h,
          minmay_crypt_entry_vampire_xt, v_misc_11, v_alt_pattern_6,
          ontoclasm_vaults_pinch, nicolae_vaults_stepped_doors,
          layout_vaults_omnibox, serial_shops, shop

Skill      XL: |  1  2  3  4  5  6  7  8  9 10 11 12 13 14 15 16 17 18 19 |
---------------+----------------------------------------------------------+-----
Axes           | 2 3 4 5 6 7 8 9 11 12 14 16 17 18 | 18.0
Fighting       | 4 5 7 9 10 11 12 13 15 17 | 17.0
Armour         | 4 6 7 8 9 10 12 15 18 19 | 19.0
Dodging        | 1 2 3 4 5 |  5.0
Invocations    | 4 6 10 | 10.0
Shields        | 4 5 6 7 8 10 12 | 12.5
Throwing       | 1 4 5 7 9 |  9.5

Action                     |  1- 3 |  4- 6 |  7- 9 | 10-12 | 13-15 | 16-18 | 19-21 || total
---------------------------+-------+-------+-------+-------+-------+-------+-------++-------
  Melee: War axe           |    84 |   199 |   255 |   309 |   150 |       |       ||   997
         Morningstar       |       |       |       |       |    22 |       |       ||    22
         Broad axe         |       |       |       |       |   778 |  1397 |   293 ||  2468
         Punch             |       |       |       |       |       |       |     1 ||     1
  Throw: Boomerang         |       |     8 |     7 |    58 |   241 |   101 |    17 ||   432
         Javelin           |       |       |       |    58 |    36 |   123 |    19 ||   236
 Invoke: Heroism           |       |       |    10 |    24 |    36 |    28 |     6 ||   104
         Finesse           |       |       |       |       |    11 |     8 |     3 ||    22
  Evoke: Wand              |       |       |       |       |     1 |       |       ||     1
    Use: Scroll            |     4 |    10 |     4 |    12 |     4 |     3 |       ||    37
         Potion            |       |       |     1 |     4 |       |     4 |       ||     9
   Stab: Distracted        |       |       |     2 |     2 |     6 |       |       ||    10
         Sleeping          |       |       |       |     2 |     1 |       |       ||     3
         Petrified         |       |       |       |       |     8 |       |       ||     8
         Petrifying        |       |       |       |       |     1 |       |       ||     1
 Armour: Scale mail        |     5 |       |       |       |       |       |       ||     5
         Chain mail        |    34 |     7 |       |       |       |   271 |       ||   312
         Plate armour      |       |   108 |   115 |    68 |       |       |       ||   291
         Shadow dragon sca |       |       |       |    39 |   456 |   108 |       ||   603
         Crystal plate arm |       |       |       |       |       |   450 |   136 ||   586
  Dodge: Dodged            |    31 |    44 |    60 |    84 |   357 |   662 |   105 ||  1343
         Repelled          |       |       |       |     2 |     3 |    11 |       ||    16
  Block: Buckler           |    16 |    23 |    42 |   104 |   253 |   463 |    51 ||   952
         Reflection        |       |       |       |       |     1 |       |       ||     1
         Kite shield       |       |       |       |       |       |       |    64 ||    64

Table legend:
 A = Non-vault XP
 B = Vault XP
 C = Vault XP percentage of total XP
 D = Non-vault monster count
 E = Vault monster count
 F = Vault count percentage of total count
                 A         B        C        D         E       F
            +---------+---------+-------+---------+---------+-------
      Total |  223276 |  136169 |  37.9 |     701 |     395 |  36.0
            +---------+---------+-------+---------+---------+-------
        D:1 |      11 |       0 |   0.0 |       7 |       0 |   0.0
        D:2 |      32 |      44 |  57.9 |      15 |       9 |  37.5
        D:3 |      65 |       0 |   0.0 |      21 |       0 |   0.0
        D:4 |     109 |     248 |  69.5 |      19 |      22 |  53.7
        D:5 |     440 |       0 |   0.0 |      10 |       0 |   0.0
        D:6 |     708 |     301 |  29.8 |      20 |       1 |   4.8
        D:7 |    1640 |       0 |   0.0 |      30 |       0 |   0.0
        D:8 |     985 |       0 |   0.0 |      18 |       0 |   0.0
        D:9 |    1472 |      35 |   2.3 |      25 |       1 |   3.8
       D:10 |    2688 |     292 |   9.8 |      11 |       1 |   8.3
       D:11 |    1059 |    1227 |  53.7 |       5 |       2 |  28.6
       D:12 |    4034 |     665 |  14.2 |      17 |       4 |  19.0
       D:13 |    7751 |       0 |   0.0 |      23 |       0 |   0.0
       D:14 |   10731 |    2395 |  18.2 |      30 |       4 |  11.8
       D:15 |    6343 |    8587 |  57.5 |      14 |      16 |  53.3
     Lair:1 |    2211 |    5683 |  72.0 |       8 |      28 |  77.8
     Lair:2 |    1736 |    2249 |  56.4 |       8 |       3 |  27.3
     Lair:3 |    4855 |    3618 |  42.7 |      18 |       9 |  33.3
     Lair:4 |    9780 |     170 |   1.7 |      23 |       4 |  14.8
     Lair:5 |    4353 |   13568 |  75.7 |      10 |      36 |  78.3
   Shoals:1 |    8404 |    3700 |  30.6 |      20 |       2 |   9.1
   Shoals:2 |   10722 |       0 |   0.0 |      24 |       0 |   0.0
   Shoals:3 |   19266 |    5110 |  21.0 |      34 |       3 |   8.1
   Spider:1 |    5590 |       0 |   0.0 |      14 |       0 |   0.0
   Spider:2 |    7894 |    6509 |  45.2 |      16 |       9 |  36.0
   Spider:3 |   17328 |    1737 |   9.1 |      46 |       7 |  13.2
   Spider:4 |   21801 |   18601 |  46.0 |      42 |      40 |  48.8
      Orc:1 |    3162 |    2546 |  44.6 |      36 |      10 |  21.7
      Orc:2 |    2831 |    7341 |  72.2 |      32 |      57 |  64.0
   Vaults:1 |   36640 |   21601 |  37.1 |      53 |      29 |  35.4
   Vaults:2 |   28635 |   25538 |  47.1 |      52 |      42 |  44.7
      Sewer |       0 |     236 | 100.0 |       0 |      10 | 100.0
    Ossuary |       0 |     383 | 100.0 |       0 |      36 | 100.0
   Gauntlet |       0 |    3785 | 100.0 |       0 |      10 | 100.0
            +---------+---------+-------+---------+---------+-------
